 Dungeon Crawl Stone Soup version 0.31.0-12-g77e489cdc1 (webtiles) character file.

Game seed: 9338566932322394255

60 jagang the Trooper (level 4, -3/37 HPs)
             Began as a Human Monk on Mar 5, 2024.
             Slain by a gnoll
             ... wielding a +0 flail
              (7 damage)
             ... on level 2 of the Dungeon.
             The game lasted 00:01:27 (1244 turns).

jagang the Trooper (Human Monk)                     Turns: 1244, Time: 00:01:28

Health: -3/37      AC:  3    Str: 11    XL:     4   Next: 4%
Magic:  4/4        EV: 13    Int: 11    God:
Gold:   24         SH:  0    Dex: 17    Spells: 3/3 levels left

rFire   . . .        a - +0 falchion
rCold   . . .        d - orb {light}
rNeg    . . .        b - +0 robe
rPois   .            (no helmet)
rElec   .            k - +0 cloak
rCorr   .            (no gloves)
SInv    .            (no boots)
Will    .....        (no amulet)
Stlth   +            (no ring)
HPRegen 0.26/turn    (no ring)
MPRegen 0.09/turn

%: no passive effects
@: glowing
A: explore regen
a: no special abilities


You were on level 2 of the Dungeon.
You visited 1 branch of the dungeon, and saw 2 of its levels.

You collected 24 gold pieces.

Inventory:

Hand Weapons
 a - a +0 falchion (weapon)
Missiles
 n - 2 throwing nets (quivered)
Armour
 b - a +0 robe (worn)
 d - an orb of light (worn)
 k - a +0 cloak (worn)
Scrolls
 e - 2 scrolls of enchant armour {unknown}
 f - a scroll of acquirement {unknown}
 h - 3 scrolls of identify {unknown}
 l - a scroll of teleportation {unknown}
 m - a scroll of revelation {unknown}
Potions
 c - a potion of ambrosia
 g - a potion of heal wounds {unknown}
 i - a potion of curing {unknown}
 j - a potion of magic {unknown}


   Skills:
 * Level 3.8 Fighting
 * Level 3.8 Long Blades
 + Level 1.2 Armour
 - Level 3.0 Dodging


You had 3 spell levels left.
You didn't know any spells.
Your spell library contained the following spells:

 Spells                   Type           Power      Damage    Failure   Level
 Brom's Barrelling Bould  Conj/Erth      0%         2d3       98%         4
 Fireball                 Conj/Fire      0%         3d3       100%        5
 Iskenderun's Battlesphe  Conj           0%         2d6       100%        5
 Conjure Ball Lightning   Conj/Air       0%         3x3d6     100%        6
 Orb of Destruction       Conj           0%         9d5       100%        7


Dungeon Overview and Level Annotations

Branches:
Dungeon (2/15)

Altars:
Elyvilon


Innate Abilities, Weirdness & Mutations

You regain HP and MP as you explore.


Message History

You kill the kobold!
Things that are here:
a +2 dagger of protection; a kobold corpse You hit the endoplasm.
The endoplasm is lightly wounded.
The endoplasm freezes you.
You are frozen.
You hit the endoplasm.
You kill the endoplasm!
No target in view!
Things that are here:
a +2 dagger of protection; a kobold corpse
o - a +2 dagger of protection
h - 3 scrolls labelled BETATE ITWOMIT (gained 1)
You drop a +2 dagger of protection.
Found a ring mail.
You see here a +0 ring mail.
You now have 24 gold pieces (gained 5).
A gnoll comes into view. It is wielding a +0 flail.
The gnoll shouts!
A gnoll comes into view. It is wielding a +0 halberd.
The gnoll shouts!
A gnoll comes into view. It is wielding a +0 club.
The gnoll shouts!
The gnoll hits you with a +0 flail!
You hit the gnoll.
The gnoll is moderately wounded.
The gnoll hits you with a +0 flail!
The gnoll hits you from afar with a +0 halberd!
* * * LOW HITPOINT WARNING * * *
You are too injured to fight recklessly!
You hit the gnoll but do no damage.
The gnoll is moderately wounded.
The gnoll hits you with a +0 flail!
* * * LOW HITPOINT WARNING * * *
The gnoll misses you.
You slash the gnoll!
The gnoll is severely wounded.
The gnoll hits you with a +0 flail!
You die...

#.# . #.### .##
######.... ...
#[.....### #.#
#.####.... #g# #.#
#.### #g# #.# #.#
#g# #.####.###
#@#.#####.........
#.#...............
#.##########.#####
#.# #.# #
#.##########.#
#............#
##############


You could see 3 gnolls.

Vanquished Creatures
  3 adders (D:2)
  A dart slug (D:2)
  5 endoplasms
  A giant cockroach (D:1)
  3 goblins
  2 hobgoblins
  A quokka (D:1)
  3 ball pythons (D:1)
  2 bats (D:1)
  2 frilled lizards (D:2)
  5 kobolds
  5 rats
33 creatures vanquished.

Notes
Turn   | Place    | Note
-------+----------+-------------------------------------------
     0 | D:1      | jagang the Human Monk began the quest for the Orb.
     0 | D:1      | Reached XP level 1. HP: 18/18 MP: 1/1
   418 | D:1      | Reached XP level 2. HP: 24/24 MP: 2/2
   998 | D:2      | Found a white marble altar of Elyvilon.
  1041 | D:2      | Reached XP level 3. HP: 29/29 MP: 3/3
  1065 | D:2      | Reached skill level 1 in Armour
  1131 | D:2      | Reached XP level 4. HP: 32/37 MP: 4/4
  1244 | D:2      | Slain by a gnoll

Illustrated notes

Levels and vault maps discovered:
D:1:      roadster_arrival_rocket_small, layout_loops_corners
D:2:      layout_loops_ring, basic_altar

Skill      XL: |  1  2  3 |
---------------+----------+-----
Armour         | 1 |  1.2
Fighting       | |  3.8
Long Blades    | |  3.8
Dodging        | |  3.0

Action                     |  1- 3 |  4- 6 || total
---------------------------+-------+-------++-------
  Melee: Falchion          |    76 |     7 ||    83
 Armour: Robe              |    22 |     6 ||    28
  Dodge: Dodged            |    62 |     2 ||    64
